 Dungeon Crawl Stone Soup version 0.31-a0-986-g5e6e4ef867 (webtiles) character file.

Game seed: 10623971519265634463

1873 serber55 the Thaumaturge (level 9, -3/61 (67) HPs)
             Began as a Gnoll Wanderer on Nov 19, 2023.
             Was a Follower of the Shining One.
             Slain by a wight
             ... wielding a +0 long sword
              (5 damage)
             ... on level 7 of the Dungeon.
             The game lasted 00:23:28 (6600 turns).

serber55 the Thaumaturge (Gnoll Wanderer)           Turns: 6600, Time: 00:23:29

HP:   -3/61 (67)    AC:  6    Str: 12    XL:     9   Next: 14%
MP:   37/37         EV: 13    Int: 12    God:    the Shining One [*.....]
Gold: 107           SH:  0    Dex: 13    Spells: 12/24 levels left

rFire   + + .        o - +6 whip of Fear {flame, Fragile rF++ Will+++ rCorr}
rCold   . . .        (no shield)
rNeg    . . .        a - +0 robe
rPois   .            (no helmet)
rElec   .            b - +1 cloak
rCorr   +            (no gloves)
SInv    .            c - +1 pair of boots {Fly}
Will    +++..        (no amulet)
Stlth   +            j - ring of magical power
HPRegen 0.30/turn    l - ring of magical power
MPRegen 0.25/turn

%: no passive effects
@: flying, glowing, drained, unable to read
A: fangs 1, strong nose, distributed training, dopey 1, low MP 1, inability to
read after injury 1
a: Renounce Religion, Divine Shield


You were on level 7 of the Dungeon.
You worshipped the Shining One.
The Shining One was aware of your devotion.
You visited 2 branches of the dungeon, and saw 9 of its levels.

You collected 309 gold pieces.
You spent 202 gold pieces at shops.

Inventory:

Hand Weapons
 o - the +6 whip of Fear (weapon) {flame, Fragile rF++ Will+++ rCorr}
   (You found it on level 5 of the Dungeon)

   rF++:      It greatly protects you from fire.
   Will+++:   It greatly increases your willpower.
   rCorr:     It protects you from acid and corrosion.
   Fragile:   It will be destroyed if unequipped.
Armour
 a - a +0 robe (worn)
 b - a +1 cloak (worn)
 c - a +1 pair of boots of flying (worn)
Jewellery
 j - a ring of magical power (left hand)
 l - a ring of magical power (right hand)
Wands
 f - a wand of digging (7)
Scrolls
 k - a scroll of fog
Potions
 m - 2 potions of attraction
 p - a potion of invisibility {unknown}
 q - a potion of magic {unknown}


   Skills:
 + Level 4.8 Fighting
 + Level 4.0 Short Blades
 + Level 4.0 Long Blades
 + Level 6.1 Axes
 + Level 4.0 Maces & Flails
 + Level 4.0 Polearms
 + Level 4.0 Staves
 + Level 4.0 Ranged Weapons
 + Level 4.8 Throwing
 + Level 4.0 Armour
 + Level 4.0 Dodging
 + Level 5.9 Stealth
 + Level 4.0 Shields
 + Level 4.0 Unarmed Combat
 + Level 8.3 Spellcasting
 + Level 3.3 Conjurations
 + Level 3.3 Hexes
 + Level 3.3 Summonings
 + Level 3.3 Necromancy
 + Level 3.3 Translocations
 + Level 3.3 Transmutations
 + Level 3.3 Fire Magic
 + Level 3.3 Ice Magic
 + Level 3.3 Air Magic
 + Level 3.3 Earth Magic
 + Level 3.3 Poison Magic
 + Level 4.4 Invocations
 + Level 4.0 Evocations
 + Level 3.6 Shapeshifting


You had 12 spell levels left.
You knew the following spells:

 Your Spells              Type           Power      Damage    Failure   Level
a - Shock                 Conj/Air       48%        1d6       3%          1
b - Poisonous Vapours     Pois/Air       24%        N/A       5%          2
c - Blink                 Tloc           24%        N/A       5%          2
d - Call Canine Familiar  Summ           12%        N/A       11%         3
e - Olgreb's Toxic Radia  Pois           12%        N/A       36%         4

Your spell library contained the following spells:

 Spells                   Type           Power      Damage    Failure   Level
 Sting                    Tmut/Pois      48%        1d5       3%          1
 Summon Small Mammal      Summ           48%        N/A       3%          1
 Frozen Ramparts          Ice            24%        1d4       11%         3
 Summon Guardian Golem    Hex/Summ       12%        N/A       11%         3
 Malign Gateway           Summ/Tloc      6%         N/A       100%        7
 Summon Horrible Things   Summ           6%         N/A       100%        8


Dungeon Overview and Level Annotations

Branches:
Dungeon (8/15)             Temple (1/1) D:6
   Lair: D:8-11

Altars:
Ashenzari
Cheibriados
Dithmenos
Elyvilon
Fedhas
Gozag
Hepliaklqana
Kikubaaqudgha
Makhleb
Nemelex Xobeh
Okawaru
Qazlal
Ru
Trog
Uskayaw
Vehumet
Wu Jian
Xom
Yredelemnul
Zin
The Shining One

Shops:
D:4 [


Innate Abilities, Weirdness & Mutations

You have very sharp teeth.
Your uncanny sense of smell can sniff out nearby items.
Your experience applies equally to all skills.
You are dopey. (Int -2)
Your magical capacity is low. (-10% MP)
You occasionally lose the ability to read scrolls when taking damage.


Message History

Unknown command.
You hit the wight. You burn the wight.
The wight is heavily damaged.
Your hound bites the wight.
The wight hits your hound with a +3 falchion!
Your hound dies!
Your hound's corpse disappears in a puff of smoke!
You hit the wight. You burn the wight. You bite the wight, but do no damage.
The wight is almost destroyed.
The wight hits you with a +3 falchion.
You hit the wight. You burn the wight.
You destroy the wight!
The Shining One accepts your kill.
You barely miss the wight.
The wight hits you with a +0 long sword!
You feel drained.
You hit the wight. You burn the wight. Your bite misses the wight.
The wight is moderately damaged.
The wight hits you with a +0 long sword!
You feel threatened and lose the ability to read scrolls!
You feel drained.
You whack the wight! You burn the wight. Your bite misses the wight.
The wight is almost destroyed.
The wight hits you but does no damage.
You barely miss the wight. You punch the wight, but do no damage.
Your bite misses the wight.
The wight is almost destroyed.
The wight hits you with a +0 long sword!
* * * LOW HITPOINT WARNING * * *
You barely miss the wight. Your bite misses the wight.
The wight is almost destroyed.
The wight hits you with a +0 long sword!
* * * LOW HITPOINT WARNING * * *
You feel drained.
* * * LOW HITPOINT WARNING * * *
Unknown command.
You hit the wight but do no damage.
The wight is almost destroyed.
The wight hits you with a +0 long sword.
You die...

≈# # ≈≈P#.#####
#
.....#...##.#.##
#...>†..)....
##.z..)#.#.#
#..@)..>#
#.#.....#
...#........
#.#.#.....##..
#.# #.....# . #
#.#:#.# #...[..
........


You could see a wight.

Vanquished Creatures
  Edmund (D:5)
  A sky beast (D:7)
  A black bear (D:6)
  An ice beast (D:5)
  A centaur (D:5)
  A phantom (D:5)
  A scorpion (D:5)
  4 wights
  4 killer bees (D:6)
  A hound (D:5)
  4 jellies
  5 orc priests
  A sleepcap (D:6)
  5 orc wizards
  6 gnolls
  6 adders
  6 ufetubi (D:6)
  2 worms (D:2)
  5 dart slugs
  16 orcs
  7 endoplasms
  3 giant cockroaches
  7 goblins
  6 hobgoblins
  13 jackals
  11 kobolds
  3 quokkas
  16 ball pythons
  2 frilled lizards
  6 rats
146 creatures vanquished.

Vanquished Creatures (collateral kills)
  A black bear (D:6)
  2 orc wizards
  2 gnolls (D:5)
  5 orcs (D:5)
10 creatures vanquished.

Grand Total: 156 creatures vanquished

Notes
Turn   | Place    | Note
-------+----------+-------------------------------------------
     0 | D:1      | serber55 the Gnoll Wanderer began the quest for the Orb.
     0 | D:1      | serber55 set off with the following items: a +0 hand axe, a
                  | +0 cloak, a potion of mutation, a +0 leather armour; and
                  | the following spell memorised: Shock; and the following
                  | spells available to memorise: Blink, Poisonous Vapours,
                  | Frozen Ramparts.
     0 | D:1      | Reached XP level 1. HP: 17/17 MP: 8/8
     0 | D:1      | Gained mutation: Your magical capacity is low. (-10% MP)
                  | [potion of mutation]
     0 | D:1      | Gained mutation: You expend magic power (3 MP) to
                  | strengthen your wands. [potion of mutation]
   206 | D:1      | Reached XP level 2. HP: 23/23 MP: 3/9
   209 | D:1      | Learned a level 2 spell: Poisonous Vapours
   516 | D:1      | Reached XP level 3. HP: 18/28 MP: 5/10
   519 | D:1      | Learned a level 2 spell: Blink
  1132 | D:1      | Reached skill level 1 in Invocations
  1600 | D:2      | Reached skill level 1 in Short Blades
  1600 | D:2      | Reached skill level 1 in Long Blades
  1600 | D:2      | Reached skill level 1 in Maces & Flails
  1600 | D:2      | Reached skill level 1 in Polearms
  1600 | D:2      | Reached skill level 1 in Staves
  1600 | D:2      | Reached skill level 1 in Ranged Weapons
  1600 | D:2      | Reached skill level 1 in Armour
  1600 | D:2      | Reached skill level 1 in Dodging
  1600 | D:2      | Reached skill level 1 in Shields
  1600 | D:2      | Reached skill level 1 in Unarmed Combat
  1600 | D:2      | Reached skill level 1 in Evocations
  1830 | D:2      | Reached skill level 1 in Shapeshifting
  1830 | D:2      | Reached XP level 4. HP: 8/34 MP: 7/11
  2793 | D:2      | Reached skill level 1 in Conjurations
  2793 | D:2      | Reached skill level 1 in Hexes
  2793 | D:2      | Reached skill level 1 in Summonings
  2793 | D:2      | Reached skill level 1 in Necromancy
  2793 | D:2      | Reached skill level 1 in Translocations
  2793 | D:2      | Reached skill level 1 in Transmutations
  2793 | D:2      | Reached skill level 1 in Fire Magic
  2793 | D:2      | Reached skill level 1 in Ice Magic
  2793 | D:2      | Reached skill level 1 in Air Magic
  2793 | D:2      | Reached skill level 1 in Earth Magic
  2793 | D:2      | Reached skill level 1 in Poison Magic
  3332 | D:3      | Reached XP level 5. HP: 38/40 MP: 13/13
  3954 | D:4      | Found Fusuerua's Antique Armour Shop.
  3958 | D:4      | Bought a pair of glowing boots for 202 gold pieces
  4339 | D:4      | Lost mutation: You expend magic power (3 MP) to strengthen
                  | your wands. [potion of mutation]
  4339 | D:4      | Lost mutation: Your magical capacity is low. (-10% MP)
                  | [potion of mutation]
  4339 | D:4      | Gained mutation: You are dopey. (Int -2) [potion of
                  | mutation]
  4339 | D:4      | Gained mutation: You occasionally lose the ability to read
                  | scrolls when taking damage. [potion of mutation]
  4339 | D:4      | Gained mutation: Your magical capacity is low. (-10% MP)
                  | [potion of mutation]
  4493 | D:4      | Reached XP level 6. HP: 47/47 MP: 14/14
  4653 | D:5      | Entered Level 5 of the Dungeon
  4717 | D:5      | Noticed an ice beast
  4735 | D:5      | Killed an ice beast
  4736 | D:5      | Reached skill level 5 in Axes
  4760 | D:5      | Noticed Edmund
  4770 | D:5      | Killed Edmund
  4771 | D:5      | Reached XP level 7. HP: 37/52 MP: 16/16
  5042 | D:5      | Learned a level 3 spell: Call Canine Familiar
  5069 | D:5      | Identified the +6 whip of Fear {flame, Fragile rF++ Will+++
                  | rCorr}
  5142 | D:5      | Reached skill level 5 in Stealth
  5399 | D:5      | Learned a level 4 spell: Olgreb's Toxic Radiance
  5712 | D:6      | Reached XP level 8. HP: 51/60 MP: 17/17
  5807 | D:6      | Found a staircase to the Ecumenical Temple.
  5815 | Temple   | Entered the Ecumenical Temple
  5844 | Temple   | Became a worshipper of the Shining One
  5873 | D:6      | Reached skill level 8 in Spellcasting
  6343 | D:6      | You are sucked into a shaft and drop 2 floors!
  6487 | D:7      | Reached XP level 9. HP: 33/66 MP: 19/19
  6591 | D:7      | Reached * piety under the Shining One
  6599 | D:7      | HP: 3/63 [wight/+0 long sword (12)]
  6599 | D:7      | HP: 1/61 [wight/+0 long sword (2)]
  6600 | D:7      | Slain by a wight

Illustrated notes

Levels and vault maps discovered:
D:1:      co_arrival_random_square_maze, layout_basic, minivault_25
D:2:      layout_basic
D:3:      layout_loops_ring, minmay_misc_feat_tiny, hangedman_feature_mirror,
          minmay_shallow_snake_nest
D:4:      layout_rooms, serial_shops, shop
D:5:      layout_basic, kennysheep_another_room, uniq_edmund
D:6:      layout_rooms, minmay_temple_entry_sparse_star, portal_sewer_entry_f
D:7:      layout_loops_ring, dreamdust_princess_bridge, uniq_jeremiah
D:8:      layout_basic, lemuel_doored_altar, hellmonk_lair_entry_icy,
          uniq_psyche
Temple:   mainiacjoe_temple_trianglar_array

Skill      XL: |  1  2  3  4  5  6  7  8  9 |
---------------+----------------------------+-----
Invocations    | 1 2 3 4 |  4.4
Short Blades   | 1 2 3 4 |  4.0
Long Blades    | 1 2 3 4 |  4.0
Maces & Flails | 1 2 3 4 |  4.0
Polearms       | 1 2 3 4 |  4.0
Staves         | 1 2 3 4 |  4.0
Ranged Weapons | 1 2 3 4 |  4.0
Armour         | 1 2 3 4 |  4.0
Dodging        | 1 2 3 4 |  4.0
Shields        | 1 2 3 4 |  4.0
Unarmed Combat | 1 2 3 4 |  4.0
Evocations     | 1 2 3 4 |  4.0
Shapeshifting  | 1 2 3 |  3.6
Conjurations   | 1 2 3 |  3.3
Hexes          | 1 2 3 |  3.3
Summonings     | 1 2 3 |  3.3
Necromancy     | 1 2 3 |  3.3
Translocations | 1 2 3 |  3.3
Transmutations | 1 2 3 |  3.3
Fire Magic     | 1 2 3 |  3.3
Ice Magic      | 1 2 3 |  3.3
Air Magic      | 1 2 3 |  3.3
Earth Magic    | 1 2 3 |  3.3
Poison Magic   | 1 2 3 |  3.3
Fighting       | 3 4 |  4.8
Throwing       | 3 4 |  4.8
Axes           | 5 6 |  6.1
Stealth        | 5 |  5.9
Spellcasting   | 8 |  8.3

Action                     |  1- 3 |  4- 6 |  7- 9 || total
---------------------------+-------+-------+-------++-------
  Melee: Hand axe          |    12 |       |       ||    12
         Bite              |     4 |     2 |     9 ||    15
         Dagger            |    12 |    22 |       ||    34
         Punch             |       |     1 |     4 ||     5
         Halberd           |       |    30 |    19 ||    49
         Whip              |       |       |   118 ||   118
   Cast: Shock             |    79 |   121 |    14 ||   214
         Poisonous Vapours |     8 |    20 |    15 ||    43
         Blink             |       |     2 |     1 ||     3
         Call Canine Famil |       |       |     7 ||     7
         Olgreb's Toxic Ra |       |       |     1 ||     1
    Use: Potion            |     1 |     1 |     5 ||     7
         Scroll            |       |     9 |     3 ||    12
   Stab: Distracted        |       |       |     1 ||     1
 Armour: Leather armour    |    12 |       |       ||    12
         Skin              |    17 |     5 |   146 ||   168
         Robe              |       |    19 |    89 ||   108
  Dodge: Dodged            |    17 |    29 |    98 ||   144

Table legend: (Time is in decaauts)
 A = Elapsed time spent in this place.
 B = Non-inter-level travel time spent in this place.
 C = Inter-level travel time spent in this place.
 D = Time resting spent in this place.
 E = Time spent auto-exploring this place.
 F = Levels seen in this place.
 G = Mean time per level.
                   A        B        C        D        E       F      G
               +--------+--------+--------+--------+--------+-----+--------+
         Total |   6609 |   6456 |    153 |    759 |   4617 |   9 |  734.3 |
       Dungeon |   6563 |   6436 |    127 |    759 |   4617 |   8 |  820.4 |
        Temple |     45 |     19 |     26 |      0 |      0 |   1 |   45.0 |
               +--------+--------+--------+--------+--------+-----+--------+

Top non-repeatable levels by time:
     D:2: 1494 daAuts
     D:1: 1393 daAuts
     D:5: 1238 daAuts
     D:3: 906 daAuts
     D:4: 863 daAuts
     D:6: 414 daAuts
     D:8: 132 daAuts
     D:7: 121 daAuts
  Temple: 45 daAuts
